 Dungeon Crawl Stone Soup version 0.31-a0-229-g1fc7ce93e2 (webtiles) character file.

Game seed: 10938886845782227265

79 qw the Shooter (level 4, -5/36 HPs)
             Began as a Minotaur Hexslinger on July 6, 2023.
             Slain by Sigmund
             ... wielding a +2 scythe of protection
              (8 damage)
             ... on level 2 of the Dungeon.
             The game lasted 00:00:34 (1053 turns).

qw the Shooter (Minotaur Hexslinger)                Turns: 1053, Time: 00:00:34

Health: -5/36      AC:  6    Str: 19    XL:     4   Next: 17%
Magic:  4/4        EV: 11    Int: 10    God:
Gold:   60         SH:  0    Dex: 14    Spells: 4/5 levels left

rFire   . . .        Y - +1 sling
rCold   . . .        (no shield)
rNeg    . . .        d - +0 ring mail
rPois   .            (helmet restricted)
rElec   .            (no cloak)
rCorr   .            g - +0 pair of gloves
SInv    .            (no boots)
Will    .....        (no amulet)
Stlth   +            b - +6 ring of strength
HPRegen 0.26/turn    (no ring)
MPRegen 0.09/turn

%: no passive effects
@: no status effects
A: horns 2, retaliatory headbutt
a: no special abilities


You were on level 2 of the Dungeon.
You visited 1 branch of the dungeon, and saw 2 of its levels.

You collected 60 gold pieces.


Innate Abilities, Weirdness & Mutations

You have a pair of horns on your head.
You reflexively headbutt those who attack you in melee.


   Skills:
 - Level 2.0 Fighting
 + Level 4.5 Ranged Weapons
 - Level 1.0 Armour
 - Level 2.1 Dodging
 - Level 1.0 Spellcasting
 - Level 2.0 Hexes


You had 4 spell levels left.
You knew the following spells:

 Your Spells              Type           Power      Damage    Failure   Level
a - Slow                  Hex            16%        N/A       26%         1

Your spell library contained the following spells:

 Spells                   Type           Power      Damage    Failure   Level
 Inner Flame              Hex/Fire       2%         N/A       75%         3
 Portal Projectile        Hex/Tloc       4%         N/A       75%         3
 Cause Fear               Hex            2%         N/A       95%         4

Inventory:

Hand Weapons
 Y - a +1 sling (weapon)
Armour
 d - a +0 ring mail (worn)
 g - a +0 pair of gloves (worn)
Jewellery
 b - a +6 ring of strength (left hand)
Potions
 h - a potion of mutation {unknown}

Dungeon Overview and Level Annotations

Branches:
Dungeon (2/15)

Altars:

Annotations:
D:2 Sigmund


Message History

Enter note:
Enter note:
Enter note:
Enter note:
Enter note:
Enter note:
Enter note:
Enter note:
Enter note:
Enter note:
Enter note: You start resting.
Sigmund is nearby!
You shoot a sling bullet.
The sling bullet completely misses Sigmund.
You start resting.
Sigmund is nearby!
You shoot a sling bullet. The sling bullet hits Sigmund.
Sigmund is heavily wounded.
You shoot a sling bullet. The sling bullet hits Sigmund.
Sigmund is severely wounded.
You start resting.
Sigmund is nearby!
You shoot a sling bullet. The sling bullet barely misses Sigmund.
Sigmund casts a spell.
Sigmund flickers and vanishes!
Deactivating autopickup; reactivate with Ctrl-A.
You shoot a sling bullet. You shoot a sling bullet.
Something hits you but does no damage.
You shoot a sling bullet. You shoot a sling bullet. Something hits you.
You shoot a sling bullet. Something hits you!
You shoot a sling bullet. Something hits you but does no damage.
You shoot a sling bullet. Something hits you!
You die...

..$.... .......
.......###
.......#..
.....#.#
....@)#.####.##
#.###.#@.......
#.#...{##..#.##
#.#.#>........
#.#...#.#..#...
#.#........# ..
######.#.######.#
.
#......%........#
#.####.#.#.#.####
#####.#
#.#.#.#..#


There were no monsters in sight!

Vanquished Creatures
  Jessica (D:2)
  A gnoll (D:1)
  2 worms (D:2)
  2 dart slugs (D:1)
  4 bats
  An endoplasm (D:1)
  A giant cockroach (D:1)
  6 goblins
  A hobgoblin (D:2)
  4 jackals (D:1)
  A quokka (D:2)
  A frilled lizard (D:2)
  6 kobolds
  2 rats
33 creatures vanquished.

Notes
Turn   | Place    | Note
-------+----------+-------------------------------------------
     0 | D:1      | qw the Minotaur Hexslinger began the quest for the Orb.
     0 | D:1      | Reached XP level 1. HP: 16/16 MP: 1/1
     0 | D:1      | 0 ||| qw: Version: 0.3-a-46-gb1f654a
     0 | D:1      | 0 ||| qw: Game counter: 1503
     0 | D:1      | 0 ||| qw: Melee chars always use a shield: true
     0 | D:1      | 0 ||| qw: God list: Okawaru
     0 | D:1      | 0 ||| qw: Allow faded altars: false
     0 | D:1      | 0 ||| qw: Do Orc after clearing Dungeon:15 true
     0 | D:1      | 0 ||| qw: Do second Lair branch before Depths: true
     0 | D:1      | 0 ||| qw: Lair rune preference: random
     0 | D:1      | 0 ||| qw: Goals: Normal
     0 | D:1      | 0 ||| PLANNING D:1-11
    26 | D:1      | You fall into a shaft and drop 1 floor!
    76 | D:2      | 76 ||| UPGRADING to +0 ring mail.
    86 | D:2      | 86 ||| DROPPING +0 robe.
    87 | D:2      | 87 ||| DROPPING scroll of poison.
   110 | D:1      | Reached skill level 3 in Ranged Weapons
   110 | D:1      | Reached XP level 2. HP: 23/23 MP: 2/2
   357 | D:1      | 357 ||| FLEEEEING.
   433 | D:1      | Reached XP level 3. HP: 29/29 MP: 3/3
   662 | D:1      | 662 ||| UPGRADING to +0 pair of gloves.
   667 | D:1      | 667 ||| UPGRADING to +6 ring of strength.
   668 | D:1      | 668 ||| READING scroll labelled MICSESKUISH.
   673 | D:1      | 673 ||| READING scroll labelled MALY FIZIB.
   674 | D:1      | 674 ||| DRINKING 2 golden potions.
   675 | D:1      | 675 ||| DROPPING potion of magic.
   699 | D:2      | Reached skill level 4 in Ranged Weapons
   891 | D:2      | Reached skill level 1 in Armour
  1007 | D:2      | Noticed Jessica
  1011 | D:2      | Killed Jessica
  1011 | D:2      | Noticed Sigmund
  1012 | D:2      | Reached XP level 4. HP: 36/36 MP: 4/4
  1051 | D:2      | HP: 2/36 [something (11)]
  1053 | D:2      | Slain by Sigmund

Levels and vault maps discovered:
D:1:      giann_horns, layout_loops_ring, minmay_misc_feat_nine_boxes
D:2:      layout_basic, uniq_sigmund, uniq_jessica

Skill      XL: |  1  2  3 |
---------------+----------+-----
Ranged Weapons | 3 4 |  4.5
Fighting       | 2 |  2.0
Armour         | 1 |  1.0
Dodging        | |  2.1
Spellcasting   | |  1.0
Hexes          | |  2.0

Action                     |  1- 3 |  4- 6 || total
---------------------------+-------+-------++-------
   Fire: Sling             |   107 |    33 ||   140
    Use: Scroll            |     2 |       ||     2
         Potion            |     1 |       ||     1
 Armour: Ring mail         |    21 |     2 ||    23
  Dodge: Dodged            |    24 |     9 ||    33

Table legend:
 A = Non-vault XP
 B = Vault XP
 C = Vault XP percentage of total XP
 D = Non-vault monster count
 E = Vault monster count
 F = Vault count percentage of total count
                 A         B        C        D         E       F
            +---------+---------+-------+---------+---------+-------
      Total |      77 |      37 |  32.5 |      32 |       1 |   3.0
            +---------+---------+-------+---------+---------+-------
        D:1 |      53 |       0 |   0.0 |      21 |       0 |   0.0
        D:2 |      24 |      37 |  60.7 |      11 |       1 |   8.3
            +---------+---------+-------+---------+---------+-------
